General information
- name: BNet
- type: Ladder team game (AT/RT)
- host: Battle.net
- saver: VELOX_NEB
map: Slalom
- players: 8
- length: 32:04
- speed: Fast
- version: 1.21 W3XP
- replay type: Public
» download(234 KB)
Players
team 1 (winner)
GapInTheTooth (
yellow | 58 APM | 1866 actions | 32:03)
3 Archmage
2 Blizzard
1 Brilliance Aura
4 Blood Mage
2 Flame Strike
2 Banish
» actions
| Assign group hotkey | 13 | |
| Basic commands | 55 | |
| Build / train | 113 | |
| ESC pressed | 14 | |
| Enter build submenu | 48 | |
| Enter hero's abilities submenu | 7 | |
| Remove unit from queue | 1 | |
| Right click | 903 | |
| Select / deselect | 500 | |
| Select group hotkey | 52 | |
| Use ability | 158 | |
1866 total
» units
» upgrades
| Flare | 1 | |
| Masonry | 3 | |
| Magic Sentry | 1 | |
| Gunpowder | 3 | |
| Armor | 1 | |
| Fragmentation Shards | 1 | |
10 total
» buildings
| Altar of Kings | 1 | |
| Farm | 6 | |
| Lumber Mill | 1 | |
| Scout Tower | 86 | |
| Guard Tower | 29 | |
| Keep | 1 | |
| Blacksmith | 1 | |
| Workshop | 1 | |
| Arcane Sanctum | 1 | |
| Town Hall | 1 | |
| Castle | 1 | |
129 total
» build order
00:21 Altar of Kings
00:25 Farm
00:54 Lumber Mill
01:12 Farm
01:19 Scout Tower
01:35 Scout Tower
01:40 Scout Tower
01:45 Scout Tower
02:02 Scout Tower
02:04 Guard Tower
02:24 Scout Tower
02:29 Guard Tower
02:31 Scout Tower
02:52 Guard Tower
03:26 Guard Tower
03:34 Scout Tower
03:58 Guard Tower
03:59 Scout Tower
04:05 Scout Tower
04:07 Scout Tower
05:33 Scout Tower
05:34 Guard Tower
05:37 Scout Tower
06:27 Guard Tower
06:43 Scout Tower
06:45 Scout Tower
07:01 Guard Tower
07:14 Scout Tower
07:16 Scout Tower
08:15 Guard Tower
09:29 Scout Tower
09:30 Scout Tower
09:31 Scout Tower
09:32 Scout Tower
09:33 Keep
09:37 Blacksmith
09:48 Scout Tower
09:49 Scout Tower
09:50 Scout Tower
09:50 Scout Tower
10:32 Scout Tower
10:34 Guard Tower
10:43 Guard Tower
10:59 Scout Tower
11:30 Guard Tower
12:19 Workshop
12:36 Guard Tower
13:45 Scout Tower
14:21 Guard Tower
14:24 Scout Tower
15:10 Guard Tower
15:12 Scout Tower
15:12 Scout Tower
16:16 Guard Tower
16:23 Scout Tower
16:24 Scout Tower
16:26 Scout Tower
16:33 Farm
16:33 Farm
17:12 Guard Tower
17:18 Arcane Sanctum
17:28 Scout Tower
17:30 Scout Tower
17:53 Guard Tower
17:55 Scout Tower
17:58 Scout Tower
18:00 Scout Tower
18:07 Guard Tower
18:24 Guard Tower
18:34 Guard Tower
20:13 Guard Tower
20:50 Town Hall
21:07 Castle
21:11 Farm
21:12 Farm
23:24 Scout Tower
23:27 Scout Tower
23:29 Scout Tower
23:31 Scout Tower
23:33 Scout Tower
23:35 Scout Tower
23:38 Scout Tower
23:38 Scout Tower
23:40 Scout Tower
23:40 Scout Tower
23:41 Scout Tower
24:39 Guard Tower
24:57 Guard Tower
25:02 Guard Tower
25:13 Scout Tower
25:14 Scout Tower
25:17 Scout Tower
25:18 Scout Tower
25:19 Scout Tower
25:20 Scout Tower
25:22 Scout Tower
25:23 Scout Tower
26:04 Guard Tower
26:36 Guard Tower
27:17 Guard Tower
29:44 Scout Tower
29:45 Scout Tower
29:47 Scout Tower
29:47 Scout Tower
29:48 Scout Tower
29:48 Scout Tower
29:49 Scout Tower
29:50 Scout Tower
29:51 Scout Tower
29:53 Scout Tower
29:54 Scout Tower
29:54 Scout Tower
29:56 Scout Tower
29:57 Scout Tower
29:57 Scout Tower
29:59 Scout Tower
30:00 Scout Tower
30:01 Scout Tower
30:02 Scout Tower
30:03 Scout Tower
30:04 Scout Tower
30:04 Scout Tower
30:08 Scout Tower
30:08 Scout Tower
30:09 Scout Tower
30:10 Scout Tower
30:11 Scout Tower
30:11 Scout Tower
30:56 Guard Tower
» items
| Potion of Healing | 1 | |
| Healing Salve | 1 | |
| Boots of Speed | 2 | |
| Staff of Teleportation | 2 | |
| Orb of Lightning | 1 | |
| Scroll of Town Portal | 1 | |
| Scroll of Speed | 1 | |
9 total
GOKUMAN69 (
red | 43 APM | 1386 actions | 32:03)
5 Demon Hunter
3 Mana Burn
2 Evasion
» actions
| Build / train | 56 | |
| Enter build submenu | 20 | |
| Enter hero's abilities submenu | 5 | |
| Give item / drop item | 3 | |
| Remove unit from queue | 1 | |
| Right click | 902 | |
| Select / deselect | 342 | |
| Use ability | 57 | |
1386 total
» units
» upgrades
| Nature's Blessing | 1 | |
| Ultravision | 1 | |
| Strength of the Wild | 1 | |
| Reinforced Hides | 1 | |
| Well Spring | 1 | |
5 total
» buildings
| Altar of Elders | 1 | |
| Moon Well | 12 | |
| Tree of Ages | 1 | |
| Tree of Eternity | 1 | |
| Ancient of Wind | 1 | |
| Chimaera Roost | 2 | |
| Tree of Life | 1 | |
| Hunter's Hall | 1 | |
20 total
» build order
00:07 Altar of Elders
00:23 Moon Well
01:38 Moon Well
07:17 Moon Well
07:18 Moon Well
08:48 Moon Well
09:06 Tree of Ages
09:46 Moon Well
10:47 Moon Well
12:03 Moon Well
12:07 Tree of Eternity
14:40 Ancient of Wind
16:25 Chimaera Roost
17:13 Chimaera Roost
18:15 Tree of Life
20:37 Hunter's Hall
25:28 Moon Well
25:30 Moon Well
25:31 Moon Well
25:31 Moon Well
» items
| Healing Salve | 1 | |
| Orb of Lightning | 1 | |
| Staff of Teleportation | 1 | |
3 total
KeKeZergRush (
purple | 84 APM | 2696 actions | 32:03)
4 Archmage
2 Blizzard
2 Brilliance Aura
3 Blood Mage
2 Flame Strike
1 Banish
» actions
| Assign group hotkey | 15 | |
| Basic commands | 1 | |
| Build / train | 66 | |
| Enter build submenu | 59 | |
| Enter hero's abilities submenu | 8 | |
| Give item / drop item | 4 | |
| Right click | 1011 | |
| Select / deselect | 266 | |
| Select group hotkey | 1102 | |
| Use ability | 163 | |
2696 total
» units
| Peasant | 11 | |
| Dragonhawk Rider | 8 | |
| Sorceress | 1 | |
20 total
» upgrades
| Masonry | 3 | |
| Lumber Harvesting | 2 | |
| Magic Sentry | 1 | |
| Sorceress Training | 2 | |
8 total
» buildings
| Altar of Kings | 1 | |
| Lumber Mill | 1 | |
| Farm | 8 | |
| Scout Tower | 47 | |
| Guard Tower | 20 | |
| Arcane Tower | 3 | |
| Keep | 1 | |
| Arcane Vault | 1 | |
| Castle | 1 | |
| Arcane Sanctum | 1 | |
| Gryphon Aviary | 2 | |
| Town Hall | 1 | |
87 total
» build order
00:07 Altar of Kings
00:16 Lumber Mill
00:21 Farm
01:43 Farm
02:03 Scout Tower
02:06 Scout Tower
02:11 Scout Tower
02:41 Guard Tower
02:50 Scout Tower
02:54 Scout Tower
02:59 Guard Tower
03:03 Scout Tower
03:05 Scout Tower
03:19 Scout Tower
03:24 Guard Tower
03:33 Guard Tower
03:38 Arcane Tower
03:43 Scout Tower
03:47 Scout Tower
03:48 Guard Tower
04:13 Arcane Tower
04:15 Arcane Tower
04:20 Scout Tower
04:24 Scout Tower
04:49 Guard Tower
04:54 Scout Tower
04:58 Guard Tower
05:04 Guard Tower
05:40 Scout Tower
05:44 Scout Tower
05:45 Scout Tower
06:03 Guard Tower
06:08 Keep
06:11 Scout Tower
06:15 Scout Tower
06:30 Arcane Vault
06:48 Guard Tower
07:03 Guard Tower
07:55 Scout Tower
08:00 Scout Tower
08:29 Scout Tower
08:30 Scout Tower
08:33 Castle
08:38 Farm
08:39 Farm
08:43 Arcane Sanctum
09:13 Guard Tower
10:28 Gryphon Aviary
10:50 Gryphon Aviary
11:18 Farm
11:19 Farm
11:38 Guard Tower
13:03 Scout Tower
13:04 Scout Tower
13:06 Scout Tower
13:06 Scout Tower
13:09 Scout Tower
13:11 Scout Tower
13:12 Scout Tower
13:13 Scout Tower
13:38 Guard Tower
14:29 Guard Tower
14:53 Farm
14:54 Farm
14:58 Guard Tower
15:01 Scout Tower
15:02 Scout Tower
15:03 Scout Tower
15:04 Scout Tower
15:10 Scout Tower
15:11 Scout Tower
15:12 Scout Tower
15:13 Scout Tower
16:34 Scout Tower
16:38 Scout Tower
16:39 Scout Tower
16:44 Guard Tower
17:23 Guard Tower
17:41 Guard Tower
27:43 Town Hall
30:22 Scout Tower
30:23 Scout Tower
30:24 Scout Tower
30:26 Scout Tower
30:30 Scout Tower
30:32 Scout Tower
31:34 Guard Tower
» items
| Staff of Sanctuary | 2 | |
| Boots of Speed | 1 | |
| Staff of Teleportation | 1 | |
4 total
VELOX_NEB (
orange | 78 APM | 2491 actions | 32:04)
6 Blademaster
2 Wind Walk
3 Critical Strike
1 Bladestorm
» actions
| Assign group hotkey | 24 | |
| Basic commands | 145 | |
| Build / train | 83 | |
| ESC pressed | 6 | |
| Enter build submenu | 68 | |
| Enter hero's abilities submenu | 7 | |
| Give item / drop item | 2 | |
| Right click | 1352 | |
| Select / deselect | 444 | |
| Select group hotkey | 162 | |
| Use ability | 198 | |
2491 total
» units
| Peon | 15 | |
| Troll Headhunter/Berserker | 1 | |
| Troll Batrider | 52 | |
68 total
» upgrades
| Liquid Fire | 1 | |
| Reinforced Defenses | 1 | |
2 total
» buildings
| Altar of Storms | 1 | |
| War Mill | 1 | |
| Orc Burrow | 4 | |
| Watch Tower | 50 | |
| Stronghold | 1 | |
| Beastiary | 3 | |
| Voodoo Lounge | 2 | |
| Barracks | 2 | |
| Fortress | 2 | |
| Great Hall | 1 | |
67 total
» build order
00:07 Altar of Storms
00:09 War Mill
00:22 Orc Burrow
02:23 Watch Tower
02:27 Watch Tower
02:35 Orc Burrow
02:53 Watch Tower
03:37 Watch Tower
03:42 Watch Tower
04:32 Stronghold
04:42 Watch Tower
04:50 Watch Tower
05:06 Watch Tower
05:09 Watch Tower
05:34 Watch Tower
05:54 Watch Tower
06:15 Watch Tower
06:23 Watch Tower
06:26 Watch Tower
07:41 Watch Tower
07:56 Watch Tower
08:08 Watch Tower
08:14 Watch Tower
08:39 Beastiary
08:47 Voodoo Lounge
09:12 Watch Tower
09:17 Watch Tower
09:28 Watch Tower
09:58 Barracks
10:46 Voodoo Lounge
11:00 Watch Tower
11:09 Barracks
11:15 Beastiary
11:22 Orc Burrow
11:24 Orc Burrow
11:26 Watch Tower
11:39 Beastiary
12:05 Watch Tower
12:09 Watch Tower
12:16 Fortress
12:16 Fortress
12:39 Watch Tower
13:36 Watch Tower
13:52 Watch Tower
14:22 Watch Tower
15:37 Watch Tower
17:10 Watch Tower
17:11 Watch Tower
18:33 Watch Tower
18:36 Watch Tower
18:37 Watch Tower
21:07 Watch Tower
21:09 Watch Tower
22:07 Watch Tower
22:08 Watch Tower
22:10 Watch Tower
23:36 Watch Tower
23:38 Watch Tower
23:38 Watch Tower
23:40 Watch Tower
24:46 Watch Tower
26:14 Great Hall
26:16 Watch Tower
29:03 Watch Tower
30:34 Watch Tower
30:35 Watch Tower
30:36 Watch Tower
» items
| Healing Salve | 1 | |
| Boots of Speed | 1 | |
| Orb of Lightning | 1 | |
3 total
team 2 (loser)
koppabowser (
teal | 34 APM | 1102 actions | 31:57)
4 Pandaren Brewmaster
2 Breath of Fire
2 Drunken Haze
» actions
| Assign group hotkey | 10 | |
| Basic commands | 53 | |
| Build / train | 52 | |
| ESC pressed | 1 | |
| Enter build submenu | 32 | |
| Enter hero's abilities submenu | 4 | |
| Give item / drop item | 1 | |
| Right click | 496 | |
| Select / deselect | 322 | |
| Select group hotkey | 38 | |
| Use ability | 93 | |
1102 total
» units
| Peon | 12 | |
| Troll Witch Doctor | 3 | |
| Tauren | 6 | |
| Shaman | 2 | |
| Spirit Walker | 3 | |
26 total
» upgrades
| Witch Doctor Training | 2 | |
| Reinforced Defenses | 2 | |
| Shaman Training | 2 | |
| Pulverize | 2 | |
8 total
» buildings
| Altar of Storms | 1 | |
| Orc Burrow | 4 | |
| Voodoo Lounge | 1 | |
| War Mill | 2 | |
| Stronghold | 1 | |
| Watch Tower | 13 | |
| Fortress | 1 | |
| Spirit Lodge | 3 | |
| Great Hall | 1 | |
| Tauren Totem | 4 | |
31 total
» build order
00:26 Altar of Storms
00:34 Orc Burrow
02:03 Voodoo Lounge
16:24 War Mill
16:55 Stronghold
18:18 Watch Tower
18:21 Watch Tower
18:23 Watch Tower
18:26 Watch Tower
18:51 Watch Tower
18:54 War Mill
20:06 Fortress
20:09 Spirit Lodge
20:11 Spirit Lodge
20:36 Great Hall
21:45 Watch Tower
21:47 Watch Tower
22:55 Orc Burrow
23:04 Watch Tower
24:46 Tauren Totem
24:50 Tauren Totem
24:57 Tauren Totem
25:01 Tauren Totem
25:22 Watch Tower
25:36 Orc Burrow
25:54 Orc Burrow
25:58 Watch Tower
26:00 Watch Tower
26:31 Spirit Lodge
26:37 Watch Tower
27:49 Watch Tower
» items
| Periapt of Vitality | 1 | |
| Boots of Speed | 1 | |
| Staff of Teleportation | 1 | |
| Healing Salve | 3 | |
| Lesser Clarity Potion | 3 | |
| Scroll of Speed | 1 | |
| Scroll of Town Portal | 1 | |
11 total
L0rD_FederALBR (
blue | 36 APM | 805 actions | 22:06)
5 Pandaren Brewmaster
3 Breath of Fire
2 Drunken Haze
» actions
| Basic commands | 3 | |
| Build / train | 50 | |
| Enter build submenu | 18 | |
| Enter hero's abilities submenu | 5 | |
| Give item / drop item | 2 | |
| Remove unit from queue | 3 | |
| Right click | 389 | |
| Select / deselect | 276 | |
| Use ability | 59 | |
805 total
» units
| Peon | 9 | |
| Wind Rider | 11 | |
| Raider | -1 | |
| Troll Batrider | 11 | |
30 total
» upgrades
| Ranged Weapons | 2 | |
| Liquid Fire | 1 | |
3 total
» buildings
| Altar of Storms | 1 | |
| Orc Burrow | 6 | |
| Barracks | 1 | |
| War Mill | 1 | |
| Stronghold | 1 | |
| Watch Tower | 1 | |
| Beastiary | 3 | |
| Voodoo Lounge | 1 | |
| Fortress | 1 | |
| Great Hall | 2 | |
18 total
» build order
00:21 Altar of Storms
00:25 Orc Burrow
01:06 Barracks
01:30 War Mill
02:50 Stronghold
02:54 Orc Burrow
02:58 Watch Tower
03:46 Orc Burrow
05:44 Beastiary
05:46 Beastiary
05:51 Orc Burrow
06:39 Voodoo Lounge
07:29 Beastiary
11:56 Orc Burrow
13:59 Fortress
15:50 Orc Burrow
16:27 Great Hall
18:18 Great Hall
» items
| Potion of Healing | 1 | |
| Lesser Clarity Potion | 2 | |
| Potion of Mana | 1 | |
| Scroll of Healing | 1 | |
| Potion of Lesser Invulnerability | 1 | |
6 total
Rigged_Nurus (
pink | 33 APM | 1068 actions | 32:01)
4 Pandaren Brewmaster
2 Breath of Fire
2 Drunken Brawler
3 Priestess of the Moon
2 Trueshot Aura
1 Scout
» actions
| Basic commands | 171 | |
| Build / train | 45 | |
| Enter build submenu | 19 | |
| Enter hero's abilities submenu | 7 | |
| Remove unit from queue | 1 | |
| Right click | 364 | |
| Select / deselect | 408 | |
| Use ability | 53 | |
1068 total
» units
| Wisp | 13 | |
| Huntress | 7 | |
| Glaive Thrower | 5 | |
| Chimaera | 3 | |
| Tauren | 1 | |
29 total
» upgrades
| Vorpal Blades | 1 | |
| Ultravision | 1 | |
| Strength of the Moon | 1 | |
| Corrosive Breath | 1 | |
4 total
» buildings
| Altar of Elders | 1 | |
| Moon Well | 9 | |
| Hunter's Hall | 1 | |
| Ancient of War | 3 | |
| Tree of Ages | 1 | |
| Ancient of Wind | 1 | |
| Tree of Eternity | 1 | |
| Chimaera Roost | 2 | |
| Tree of Life | 1 | |
20 total
» build order
00:04 Altar of Elders
00:35 Moon Well
01:18 Hunter's Hall
01:59 Ancient of War
02:11 Moon Well
02:35 Ancient of War
02:39 Ancient of War
02:52 Moon Well
03:41 Moon Well
04:19 Tree of Ages
05:38 Moon Well
05:40 Moon Well
08:28 Ancient of Wind
08:29 Tree of Eternity
10:55 Chimaera Roost
11:41 Moon Well
11:44 Chimaera Roost
12:21 Moon Well
13:39 Moon Well
21:52 Tree of Life
S.F-PhOeNiX (
green | 74 APM | 2357 actions | 32:02)
4 Pandaren Brewmaster
2 Breath of Fire
2 Drunken Haze
3 Death Knight
2 Death Coil
1 Unholy Aura
2 Lich
1 Frost Nova
1 Dark Ritual
» actions
| Assign group hotkey | 45 | |
| Build / train | 56 | |
| Enter build submenu | 13 | |
| Enter hero's abilities submenu | 9 | |
| Remove unit from queue | 3 | |
| Right click | 1136 | |
| Select / deselect | 564 | |
| Select group hotkey | 478 | |
| Use ability | 52 | |
2357 total
» units
| Acolyte | 9 | |
| Ghoul | 2 | |
| Crypt Fiend | 9 | |
| Abomination | 5 | |
| Obsidian Statue | 1 | |
26 total
» upgrades
| Web | 1 | |
| Freezing Breath | 1 | |
| Creature Attack | 2 | |
| Unholy Strength | 2 | |
| Disease Cloud | 1 | |
| Unholy Armor | 2 | |
| Creature Carapace | 2 | |
11 total
» buildings
| Altar of Darkness | 1 | |
| Ziggurat | 9 | |
| Crypt | 2 | |
| Graveyard | 1 | |
| Nerubian Tower | 1 | |
| Halls of the Dead | 1 | |
| Black Citadel | 1 | |
| Sacrificial Pit | 1 | |
| Boneyard | 3 | |
| Slaughterhouse | 2 | |
| Tomb of Relics | 1 | |
23 total
» build order
00:24 Altar of Darkness
00:26 Ziggurat
00:53 Crypt
01:18 Graveyard
01:24 Ziggurat
01:50 Crypt
03:30 Ziggurat
04:09 Nerubian Tower
07:57 Halls of the Dead
08:29 Ziggurat
08:30 Ziggurat
08:32 Ziggurat
08:33 Ziggurat
08:35 Ziggurat
08:35 Ziggurat
10:48 Black Citadel
10:51 Sacrificial Pit
13:56 Boneyard
13:57 Boneyard
13:58 Boneyard
18:33 Slaughterhouse
18:34 Slaughterhouse
19:50 Tomb of Relics
» items
Chat log
(00:10 / Allies) GapInTheTooth: keke why u no on vent nigga
(00:11 / Allies) VELOX_NEB: gold
(00:28 / Allies) KeKeZergRush: im doing hawks i guess
(00:33 / Allies) GapInTheTooth: yes you are
(00:33 / All) VELOX_NEB: goons are so obnoxious
(00:36 / Allies) GapInTheTooth: you also are supposed to militia
(00:41 / Allies) GapInTheTooth: and send guys RIGHT NOW
(01:11 / Allies) VELOX_NEB: i'm going top
(01:22 / Allies) VELOX_NEB: sweeet
(01:46 / Allies) VELOX_NEB: mid huh
(02:11 / Allies) VELOX_NEB: nobo
(02:32 / All) GOKUMAN69: yo noobs
(02:38 / All) GOKUMAN69: MANNER GAME
(02:42 / All) GapInTheTooth: do you like animes
(02:47 / All) GOKUMAN69: I do
(02:54 / All) GOKUMAN69: DBZ til Da day I die
(02:56 / All) GapInTheTooth: whats your favourite anime
(03:01 / Allies) GapInTheTooth: oh cool!
(03:04 / All) GapInTheTooth: i like goku
(03:06 / All) VELOX_NEB: DBZ 4 lYfE
(03:09 / All) GapInTheTooth: he is so kawaii
(03:11 / Allies) KeKeZergRush: mass panda
(03:19 / Allies) VELOX_NEB: hahaha
(04:38 / All) koppabowser: noobs
(06:50 / All) GOKUMAN69: gl hf
(09:01 / Allies) VELOX_NEB: yup
(09:40 / Allies) VELOX_NEB: aggro
(11:25 / Allies) GOKUMAN69: keke
(11:28 / Allies) KeKeZergRush: yes
(11:28 / Allies) GOKUMAN69: tower my base
(11:54 / Allies) VELOX_NEB: made mistake
(13:33 / Allies) GOKUMAN69: towers
(13:35 / Allies) GOKUMAN69: make them
(14:06 / Allies) GapInTheTooth: hawks jkekek my main
(14:21 / Allies) GOKUMAN69: kekekek
(14:22 / Allies) GOKUMAN69: tower
(14:24 / Allies) GOKUMAN69: fuck
(16:07 / All) L0rD_FederALBR: man dota?
(16:32 / Allies) VELOX_NEB: batting soon
(16:34 / Allies) VELOX_NEB: they have expos
(16:35 / Allies) GOKUMAN69: keke
(16:36 / Allies) GOKUMAN69: tower
(18:14 / Allies) VELOX_NEB: bats
(18:44 / Allies) GapInTheTooth: magic sentry keke
(18:59 / Allies) KeKeZergRush: all recharging
(19:09 / Allies) GOKUMAN69: hawks
(21:34 / Allies) GOKUMAN69: more towers
(22:09 / Allies) GOKUMAN69: animal war training
(22:25 / Allies) GOKUMAN69: on hawks
(24:03 / Allies) KeKeZergRush: hawks goign
(24:35 / Allies) GapInTheTooth: get on vent keke its embarassing me talking to noone
(25:09 / Allies) GapInTheTooth: dont leave ur hawks parked there they have bats
(25:46 / Allies) VELOX_NEB: gold me
(25:51 / Allies) KeKeZergRush: need expo first
(25:57 / Allies) VELOX_NEB: wood me
(26:39 / Allies) GapInTheTooth: wood
(27:20 / Allies) KeKeZergRush: agility tome for dh
(27:22 / Allies) KeKeZergRush: or bm
(27:25 / Allies) GOKUMAN69: cool
(28:27 / Allies) GOKUMAN69: tower
(28:37 / Allies) KeKeZergRush: as soon as expo goes up
(28:40 / Allies) KeKeZergRush: i got no gold
(28:59 / Allies) GapInTheTooth: keke get the master upgrade for sorcs